 Dungeon Crawl Stone Soup version 0.18-a0-739-gdae9da8 (webtiles) character file.

3955 cluie the Insei (level 10, 19/77 HPs)
             Began as a Demonspawn Transmuter on Dec 10, 2015.
             Was a Believer of Cheibriados.
             Quit the game on level 8 of the Dungeon.
             The game lasted 00:15:17 (7527 turns).

cluie the Insei (Demonspawn Transmuter)             Turns: 7527, Time: 00:15:17

Health: 19/77      AC: 11    Str: 17    XL:     10   Next: 2%
Magic:  5/18       EV: 20    Int: 20    God:    Cheibriados [**....]
Gold:   493        SH:  0    Dex: 20    Spells: 4 memorised, 8 levels left

rFire  . . .     SeeInvis .       - Unarmed
rCold  + . .     Clarity  .     F - +2 robe {rC+}
rNeg   . . .     SustAt   .     (no shield)
rPois  .         Gourm    +     (helmet restricted)
rElec  .         Spirit   +     j - +2 cloak
rCorr  .         Dismiss  .     k - +2 pair of gloves
rMut   .         Stasis   .     t - +0 pair of boots
MR     .....                    f - amulet of the gourmand
Stlth  +++++.....               D - +1 ring of slaying
                                A - +3 ring of evasion

@: very slightly contaminated, very slow, not resistant to hostile enchantments,
quite stealthy
A: antennae 1, nightstalker 3, magic shield, magic regeneration
a: Bend Time, Renounce Religion


You were on level 8 of the Dungeon.
You worshipped Cheibriados.
Cheibriados was pleased with you.
You were not hungry.

You visited 2 branches of the dungeon, and saw 9 of its levels.

You collected 493 gold pieces.

Inventory:

Missiles
 a - 98 arrows
 C - 22 arrows of flame
Armour
 j - a +2 cloak (worn)
 k - a +2 pair of gloves (worn)
 p - a +1 crystal plate armour
 t - a +0 pair of boots (worn)
 F - a +2 robe of cold resistance (worn)
Jewellery
 f - an amulet of the gourmand (around neck)
 A - a +3 ring of evasion (left hand)
 D - a +1 ring of slaying (right hand)
Wands
 w - a wand of slowing (11)
 z - a wand of random effects (33)
Scrolls
 n - 2 scrolls of remove curse
 o - a scroll of recharging
 r - a scroll of teleportation {unknown}
 s - a scroll of enchant weapon {unknown}
 x - a scroll of fog {unknown}
 y - 2 scrolls of blinking {unknown}
 B - a scroll of holy word {unknown}
Potions
 e - 4 potions of curing
 i - a potion of heal wounds
 l - a potion of agility {unknown}
 m - a potion of flight {unknown}
 v - a potion of haste {unknown}
Books
 c - a book of Changes

   Spells                             Type                      Level
   a - Beastly Appendage              Transmutation                1
   b - Sticks to Snakes               Transmutation                2
   c - Spider Form                    Transmutation/Poison         3
   d - Ice Form                       Ice/Transmutation            4
   e - Blade Hands                    Transmutation                5
Comestibles
 d - 2 bread rations
 g - 4 slices of pizza
 h - 4 meat rations
 q - 3 fruits
 u - a royal jelly
 E - a beef jerky


   Skills:
 + Level 6.6 Fighting
 + Level 6.1 Dodging
 + Level 7.4 Unarmed Combat
 + Level 5.4 Spellcasting
 + Level 5.4 Transmutations
 - Level 1.0 Poison Magic


You had 8 spell levels left.
You knew the following spells:

 Your Spells              Type           Power        Failure   Level  Hunger
a - Beastly Appendage     Trmt           ####..       1%          1    None
b - Sticks to Snakes      Trmt           ####....     1%          2    None
c - Spider Form           Trmt/Pois      ###.......   10%         3    ##.....
d - Blade Hands           Trmt           ####......   38%         5    #####..


Dungeon Overview and Level Annotations

Branches:
Dungeon (8/15)             Temple (1/1) D:6
   Lair: D:8-11

Altars:
Ashenzari
Cheibriados
Elyvilon
Fedhas
Gozag
Kikubaaqudgha
Okawaru
Pakellas
Qazlal
Sif Muna
Trog
Vehumet
Xom
Yredelemnul
Zin
The Shining One


Innate Abilities, Weirdness & Mutations

You have a pair of small antennae on your head.
You are completely attuned to the shadows.
When hurt, damage is shared between your health and your magic reserves.
You regenerate magic rapidly.


Message History

You are too injured to fight recklessly!
Unknown command.
You are too injured to fight recklessly!
You hit the gnoll.
The gnoll is severely wounded.
The gnoll misses you. x2
The gnoll hits you but does no damage.
Unknown command.
You punch the gnoll!
You kill the gnoll!
Cheibriados appreciates the change of pace.
The gnoll hits you with a spear.
* * * LOW HITPOINT WARNING * * *
The gnoll hits you but does no damage.
Unknown command.
The gnoll hits you but does no damage. The gnoll completely misses you.
Things that are here:
a spear; a gnoll corpse Unknown command.
Are you sure you want to abandon this character and quit the game? (Confirm with "yes".)

..?...g##
.......# ......g#
......g## ..#
.......g## #..#
##...##.J#####..#
##.. ##...##...##
## ###.......#
##.....@###
##....g..##
#..#.g.<.#
######).## ####


You could see 2 gnolls.

Vanquished Creatures
  Pikel (D:7)
  The ghost of Alethiolet the Vandal, a novice DsWn of Vehumet (D:7)
  Grinder (D:6)
  2 hippogriffs (D:7)
  Eustachio (D:6)
  Menkaure (D:7)
  A hungry ghost (D:7)
  2 orc warriors
  A wasp (D:8)
  5 ice beasts
  A phantom (D:5)
  A necrophage (D:7)
  3 slaves (D:7)
  2 centaurs
  2 giant frogs (D:7)
  A big kobold (D:7)
  3 wights (D:7)
  2 scorpions (D:7)
  A crimson imp (D:6)
  2 hounds
  A jelly (D:8)
  2 gnoll shamans (D:7)
  An orc priest (D:6)
  A killer bee zombie (D:8)
  2 iguanas (D:7)
  7 worker ants
  2 hound skeletons
  A worker ant zombie (D:5)
  5 gnolls
  11 adders
  A shadow imp (D:5)
  An ooze (D:4)
  2 worms
  A giant gecko (D:1)
  9 orcs
  4 giant cockroaches
  7 hobgoblins
  4 jackals (D:3)
  14 kobolds
  5 bats
  A giant cockroach zombie (D:6)
  A giant gecko skeleton (D:5)
  6 giant newts
  6 goblins
  4 quokkas
  2 quokka skeletons
  A quokka zombie (D:6)
  6 rats
142 creatures vanquished.

Vanquished Creatures (collateral kills)
  A centaur (D:4)
  A crimson imp (D:3)
  A giant frog zombie (D:6)
  A worker ant (D:4)
  A worm (D:5)
  An orc (D:3)
  A hobgoblin (D:3)
  A ball python (D:4)
  2 rats (D:3)
10 creatures vanquished.

Grand Total: 152 creatures vanquished

Notes
Turn   | Place    | Note
--------------------------------------------------------------
     0 | D:1      | cluie the Demonspawn Transmuter began the quest for the Orb.
     0 | D:1      | Reached XP level 1. HP: 15/15 MP: 3/3
   221 | D:1      | Reached skill level 3 in Unarmed Combat
   312 | D:1      | Gained mutation: When hurt, damage is shared between your health and your magic reserves. [demonic ancestry]
   312 | D:1      | Reached XP level 2. HP: 19/21 MP: 5/5
   453 | D:1      | Learned a level 2 spell: Sticks to Snakes
   785 | D:1      | Gained mutation: You are slightly more attuned to the shadows. [demonic ancestry]
   785 | D:1      | Reached XP level 3. HP: 14/27 MP: 4/6
  1875 | D:2      | Reached skill level 4 in Unarmed Combat
  1875 | D:2      | Gained mutation: You are significantly more attuned to the shadows. [demonic ancestry]
  1875 | D:2      | Reached XP level 4. HP: 30/33 MP: 3/7
  2424 | D:3      | uh
  2424 | D:3      | d:3 cpa???
  2427 | D:3      | uh
  2427 | D:3      | hard choice...
  2437 | D:3      | just kidding
  2467 | D:3      | ok no
  2734 | D:3      | Gained mutation: You regenerate magic rapidly. [demonic ancestry]
  2734 | D:3      | Reached XP level 5. HP: 9/39 MP: 0/8
  2867 | D:4      | Noticed a centaur
  2879 | D:4      | Killed a centaur
  3142 | D:5      | Entered Level 5 of the Dungeon
  3164 | D:5      | Reached skill level 5 in Unarmed Combat
  3164 | D:5      | Reached XP level 6. HP: 38/47 MP: 6/9
  3165 | D:5      | Found an opulent altar of Gozag.
  3199 | D:5      | HP: 1/47 [phantom (7)]
  3774 | D:4      | Learned a level 3 spell: Spider Form
  4201 | D:4      | Reached skill level 1 in Poison Magic
  4411 | D:5      | Found a basalt altar of Yredelemnul.
  4530 | D:5      | Gained mutation: You have a pair of small antennae on your head. [demonic ancestry]
  4530 | D:5      | Reached XP level 7. HP: 26/53 MP: 5/10
  5229 | D:6      | Found a staircase to the Ecumenical Temple.
  5250 | Temple   | Entered the Ecumenical Temple
  5301 | Temple   | Became a worshipper of Cheibriados the Contemplative
  5337 | D:6      | Noticed Eustachio
  5356 | D:6      | Killed Eustachio
  5432 | D:6      | Reached XP level 8. HP: 46/61 MP: 10/12
  5668 | D:6      | Found an ancient bone altar of Kikubaaqudgha.
  5669 | D:6      | Found an iron altar of Okawaru.
  5670 | D:6      | Found a radiant altar of Vehumet.
  5676 | D:6      | Found a deep blue altar of Sif Muna.
  5676 | D:6      | Found an oddly glowing altar of Pakellas.
  5676 | D:6      | Noticed Grinder
  5677 | D:6      | Found a glowing golden altar of the Shining One.
  5677 | D:6      | Found a blossoming altar of Fedhas.
  5685 | D:6      | Killed Grinder
  5685 | D:6      | Reached skill level 6 in Unarmed Combat
  5950 | D:7      | Reached skill level 5 in Fighting
  5966 | D:7      | Noticed Menkaure
  5973 | D:7      | Killed Menkaure
  6007 | D:7      | Reached * piety under Cheibriados
  6045 | D:7      | Reached skill level 5 in Dodging
  6143 | D:7      | Noticed Alethiolet's ghost (novice DsWn)
  6197 | D:7      | Killed Alethiolet's ghost
  6197 | D:7      | Gained mutation: You are completely attuned to the shadows. [demonic ancestry]
  6197 | D:7      | Reached XP level 9. HP: 6/69 MP: 3/15
  6892 | D:7      | Reached skill level 7 in Unarmed Combat
  6978 | D:7      | Noticed Pikel
  6990 | D:7      | Reached ** piety under Cheibriados
  7001 | D:7      | Killed Pikel
  7001 | D:7      | Reached skill level 5 in Spellcasting
  7001 | D:7      | Reached skill level 5 in Transmutations
  7140 | D:7      | Learned a level 5 spell: Blade Hands
  7330 | D:7      | HP: 3/71 [ice beast (7)]
  7339 | D:7      | Reached XP level 10. HP: 26/77 MP: 4/18
  7527 | D:8      | Quit the game

Vault maps used:
D:1:      matt_arrival_spirals
D:3:      first_bread
D:5:      yredelemnul_altar_generic, grunt_gozag_statues
D:6:      grunt_temple_overflow_open, minmay_temple_entry_statues_fountains,
          minmay_holes, minivault_27, uniq_eustachio, uniq_grinder
D:7:      uniq_menkaure, uniq_pikel
D:8:      uniq_erica, uniq_erolcha
Temple:   circular_temple_12

Action                   |  1- 3 |  4- 6 |  7- 9 | 10-12 || total
-------------------------+-------+-------+-------+-------++-------
Melee: Unarmed           |   150 |   198 |   385 |    17 ||   750
 Cast: Beastly Appendage |     6 |     6 |       |       ||    12
       Sticks to Snakes  |     4 |    16 |     7 |       ||    27
       Spider Form       |       |       |    16 |       ||    16
  Use: Scroll            |       |     7 |     2 |       ||     9
       Potion            |       |       |     1 |       ||     1
 Stab: Sleeping          |     7 |     7 |     9 |       ||    23
       Distracted        |       |     1 |     3 |       ||     4
  Eat: Chunk             |     3 |    10 |     3 |       ||    16
       Bread ration      |       |       |     2 |       ||     2
